 Seeded DCSS version 0.30.0-5-g1a98f26d00 (webtiles) character file.

Game seed: 14326371903400768900 (custom seed)

394 Pimp the Covered (level 6, -1/38 (39) HPs)
             Began as a Tengu Fighter on May 10, 2023.
             Frozen to death by an endoplasm (3 damage)
             ... on level 4 of the Dungeon.
             The game lasted 00:08:08 (3100 turns).

Pimp the Covered (Tengu Fighter)                    Turns: 3100, Time: 00:08:09

HP:   -1/38 (39)    AC: 10    Str: 16    XL:     6   Next: 82%
MP:   7/7           EV: 13    Int:  9    God:
Gold: 1138          SH:  5    Dex: 15    Spells: 5/5 levels left

rFire   . . .        a - +1 long sword
rCold   . . .        c - +0 buckler
rNeg    + . .        l - +4 steam dragon scales of Gesorufa {Fly rN+ Slay-6 SInv}
rPois   .            (helmet restricted)
rElec   .            (no cloak)
rCorr   .            (no gloves)
SInv    +            (boots unavailable)
Will    .....        (no amulet)
Stlth   +            (no ring)
HPRegen 0.26/turn    (no ring)
MPRegen 0.10/turn

%: no passive effects
@: on berserk cooldown, flying quickly and evasively, hasted and slowed, lightly
drained, quick
A: beak, talons 3, nimble flight
a: no special abilities


You were on level 4 of the Dungeon.
You visited 1 branch of the dungeon, and saw 4 of its levels.

You collected 1138 gold pieces.

Inventory:

Hand Weapons
 a - a +1 long sword (weapon)
Armour
 b - a +0 scale mail
 c - a +0 buckler (worn)
 l - the +4 steam dragon scales of Gesorufa (worn) {Fly rN+ Slay-6 SInv}
   (You acquired it on level 4 of the Dungeon)

   Slay:      It affects your accuracy & damage with ranged weapons and melee
   (-6).
   rN:        It protects you from negative energy.
   SInv:      It lets you see invisible.
   Fly:       It grants you flight.
 r - a scarf of shadows
Jewellery
 n - a +6 ring of intelligence
 p - a ring of fire
Wands
 o - a wand of paralysis (3) (quivered)
Potions
 d - a potion of might
 e - a potion of brilliance
 f - a potion of haste
 g - a potion of berserk rage
 h - a potion of mutation {unknown}
 j - a potion of magic {unknown}
 k - a potion of flight {unknown}
 m - a potion of curing {unknown}
Miscellaneous
 s - a phial of floods


   Skills:
 + Level 4.4 Fighting
 + Level 4.2 Long Blades
 + Level 5.0 Armour
 + Level 4.4 Shields


You had 5 spell levels left.
You didn't know any spells.
Your spell library was empty.

Dungeon Overview and Level Annotations

Branches:
Dungeon (4/15)
 Temple: D:4-7

Altars:
Wu Jian
Xom


Innate Abilities, Weirdness & Mutations

You have a beak for a mouth.
You have claws for feet.
Your magical nature lets you fly swiftly and evasively.


Message History

The orc closely misses you.
Okay, then.
The giant cockroach attacks as you move away!
You block the giant cockroach's attack.
Aiming: Paralyse
Press: ? - help, Q - select action, (/) - cycle Shift-Dir - straight line, f - giant cockroach
Aim: a giant cockroach (moderately wounded, chance to affect: 66%)
The giant cockroach suddenly stops moving!
Aiming: Paralyse
Press: ? - help, Q - select action, (/) - cycle Shift-Dir - straight line, f - orc, p - giant cockroach
Aim: an orc, wielding a +0 flail and wearing a +0 ring mail (chance to affect: 66%)
The orc struggles to resist.
The orc barely misses you.
Unknown command.
Aiming: Paralyse
Press: ? - help, Q - select action, (/) - cycle Shift-Dir - straight line, f/p - orc
Aim: an orc, wielding a +0 flail and wearing a +0 ring mail (chance to affect: 66%)
The orc suddenly stops moving!
Unknown command.
The helpless orc fails to defend itself.
You hit the orc but do no damage. The endoplasm closely misses you.
Aiming: Paralyse
Press: ? - help, Q - select action, (/) - cycle Shift-Dir - straight line, f - endoplasm, p - orc
Aim: an endoplasm (chance to affect: 66%)
The endoplasm struggles to resist.
The endoplasm freezes you.
You are frozen.
* * * LOW HITPOINT WARNING * * *
The helpless giant cockroach fails to defend itself.
You hit the giant cockroach.
The giant cockroach is heavily wounded.
The endoplasm freezes you.
You are frozen.
* * * LOW HITPOINT WARNING * * *
The helpless giant cockroach fails to defend itself.
You hit the giant cockroach.
You kill the giant cockroach!
The endoplasm freezes you.
You are frozen.
You die...

#......# ... .#.
####...# . ... #....#
... ##....# ## . >..
#.....## .# .. ...
#..#...###'# #... ...
#..###....)######
.... ... ....
###..##8).8##... .#.
+## # ##).#8)..@8#.#
##
#.##...'.))J†o'.#.. #
#......'....wB'......
#......#8....8#.##..#
#####..##8..8##.# .#
#....###### #
...##....... .....
#....##...
......##.....# #..#


You could see a dart slug, an orc (paralysed), an endoplasm and a giant
cockroach.

Vanquished Creatures
  An ogre (D:4)
  A killer bee (D:4)
  A howler monkey (D:4)
  2 hounds (D:4)
  An orc priest (D:4)
  2 orc wizards
  An adder (D:3)
  3 dart slugs
  7 orcs
  6 bats
  4 endoplasms
  A giant cockroach (D:4)
  5 goblins
  4 hobgoblins
  8 kobolds
  3 quokkas
  8 ball pythons
  3 frilled lizards (D:1)
  7 rats
68 creatures vanquished.

Notes
Turn   | Place    | Note
-------+----------+-------------------------------------------
     0 | D:1      | Pimp the Tengu Fighter began the quest for the Orb.
     0 | D:1      | Reached XP level 1. HP: 14/14 MP: 2/2
   333 | D:1      | Reached XP level 2. HP: 19/19 MP: 3/3
   898 | D:1      | Reached XP level 3. HP: 23/23 MP: 4/4
  1753 | D:3      | Reached XP level 4. HP: 12/28 MP: 5/5
  1756 | D:3      | Reached skill level 4 in Armour
  2238 | D:3      | Found an ornate altar of the Wu Jian Council.
  2532 | D:3      | Found a shimmering altar of Xom.
  2574 | D:3      | Identified a scroll of acquirement
  2574 | D:3      | Acquired 1016 gold pieces
  2904 | D:4      | Gained mutation: Your magical nature lets you fly swiftly
                  | and evasively. [Tengu growth]
  2904 | D:4      | Reached XP level 5. HP: 27/33 MP: 6/6
  2904 | D:4      | Acquired the +4 steam dragon scales of Gesorufa {Fly rN+
                  | Slay-6 SInv}
  3007 | D:4      | Found a large runed translucent door.
  3007 | D:4      | Found a large runed translucent door.
  3024 | D:4      | Noticed an ogre
  3032 | D:4      | Killed an ogre
  3033 | D:4      | Reached XP level 6. HP: 38/38 MP: 7/7
  3046 | D:4      | Found a large runed translucent door.
  3046 | D:4      | Found a large runed translucent door.
  3079 | D:4      | Reached skill level 5 in Armour
  3083 | D:4      | Noticed an orc warrior
  3100 | D:4      | Frozen to death by an endoplasm

Illustrated notes

Levels and vault maps discovered:
D:1:      dpeg_arrival_castle, layout_basic, serial_forest,
          infiniplex_forest_lined_3, infiniplex_forest_lined_room_2,
          infiniplex_forest_diagonal, infiniplex_forest_3_way,
          infiniplex_forest_end_1, infiniplex_forest_clump_diagonal
D:2:      layout_loops_cross, nicolae_elevator_lobby_plus
D:3:      layout_basic, lemuel_tele_altar, nzn_wu_jian_contemplation
D:4:      layout_cave_pools, tso_altar, vehumet_crystals,
          mainiacjoe_overflow_swirl, eino_small_chamber_without_monster,
          minmay_hollow_rounded_squares

Skill      XL: |  1  2  3  4  5  6 |
---------------+-------------------+-----
Long Blades    | 3 4 |  4.2
Armour         | 4 5 |  5.0
Fighting       | 4 |  4.4
Shields        | 4 |  4.4

Action                     |  1- 3 |  4- 6 || total
---------------------------+-------+-------++-------
  Melee: Long sword        |    66 |    94 ||   160
         Kick              |    14 |    25 ||    39
         Peck              |     6 |    13 ||    19
  Evoke: Wand              |       |    11 ||    11
    Use: Scroll            |     2 |    11 ||    13
         Potion            |       |     3 ||     3
   Stab: Paralysed         |       |     3 ||     3
 Armour: Scale mail        |    27 |    26 ||    53
         Steam dragon scal |       |    21 ||    21
  Dodge: Dodged            |    25 |    48 ||    73
  Block: Buckler           |    16 |    27 ||    43
